 Dungeon Crawl Stone Soup version 0.31-a0-431-g88bdf31460 (webtiles) character file.

Game seed: 5439466557208643836

459 billz999 the Ogre Mage (level 7, -1/59 HPs)
             Began as an Ogre Air Elementalist on July 31, 2023.
             Was a Follower of Kikubaaqudgha.
             Slain by a gnoll
             ... wielding a +0 club
             ... led by a gnoll sergeant
              (3 damage)
             ... on level 4 of the Dungeon.
             The game lasted 00:10:44 (5629 turns).

billz999 the Ogre Mage (Ogre Air Elementalist)      Turns: 5629, Time: 00:10:45

Health: -1/59      AC:  4    Str: 13    XL:     7   Next: 6%
Magic:  10/13      EV:  9    Int: 18    God:    Kikubaaqudgha [*.....]
Gold:   127        SH:  0    Dex:  9    Spells: 2/14 levels left

rFire   . . .        o - +0 morningstar (venom)
rCold   . . .        (no shield)
rNeg    . . .        a - +1 robe
rPois   .            (helmet restricted)
rElec   .            (no cloak)
rCorr   .            (gloves unavailable)
SInv    .            (boots unavailable)
Will    .....        (no amulet)
Stlth   +            (no ring)
HPRegen 0.29/turn    (no ring)
MPRegen 0.13/turn

%: no passive effects
@: brilliant
A: large, unfitting armour, tough skin 1
a: Renounce Religion, Unearth Wretches


You were on level 4 of the Dungeon.
You worshipped Kikubaaqudgha.
Kikubaaqudgha was aware of your devotion.
You visited 1 branch of the dungeon, and saw 5 of its levels.

You collected 127 gold pieces.

Inventory:

Hand Weapons
 c - a +2 dagger of protection
 i - a +1 dagger of speed
 o - a +0 morningstar of venom (weapon)
 p - a +2 dagger of draining
Armour
 a - a +1 robe (worn)
Jewellery
 d - a ring of fire
 l - an amulet of the acrobat
Scrolls
 f - a scroll of fear
 j - a scroll of silence {unknown}
 m - a scroll of enchant weapon
 n - a scroll of brand weapon
 q - a scroll of torment {unknown}
Potions
 b - a potion of magic
 e - a potion of mutation
 k - a potion of invisibility {unknown}
 r - a potion of heal wounds {unknown}


   Skills:
 - Level 1.7 Dodging
 - Level 1.4 Stealth
 - Level 4.1 Spellcasting
 - Level 4.0 Conjurations
 + Level 3.0 Fire Magic
 - Level 3.8 Air Magic


You had 2 spell levels left.
You knew the following spells:

 Your Spells              Type           Power      Damage    Failure   Level
a - Shock                 Conj/Air       100%       1d9       3%          1
b - Static Discharge      Conj/Air       52%        2-5/arc   4%          2
c - Plasma Beam           Fire/Air       12%        2x1d23    99%         6
d - Swiftness             Air            26%        N/A       9%          3

Your spell library contained the following spells:

 Spells                   Type           Power      Damage    Failure   Level
 Foxfire                  Conj/Fire      96%        2x1d8     3%          1
 Cigotuvi's Dreadful Rot  Necr/Pois/Air  24%        N/A       13%         2
 Freeze                   Ice            20%        1d4       14%         1
 Necrotise                Necr           20%        1d5       14%         1
 Lesser Beckoning         Tloc           10%        N/A       22%         2
 Hailstorm                Conj/Ice       16%        3d6       19%         3
 Airstrike                Air            13%        2d(2-18)  30%         4
 Frozen Ramparts          Ice            10%        1d2       41%         3
 Gell's Gravitas          Tloc           5%         N/A       41%         3
 Teleport Other           Tloc           5%         N/A       41%         3
 Vampiric Draining        Necr           5%         2d6       41%         3
 Animate Dead             Necr           5%         N/A       82%         4
 Starburst                Conj/Fire      12%        6d5       99%         6


Dungeon Overview and Level Annotations

Branches:
Dungeon (5/15)
 Temple: D:4-7

Altars:
Elyvilon
Kikubaaqudgha
Nemelex Xobeh
Wu Jian
The Shining One

Shops:
D:3 (

Annotations:
D:5 Eustachio


Innate Abilities, Weirdness & Mutations

You are too large for most types of armour.
You have tough skin. (AC +1)


Message History

The jelly is struck by an arc of lightning.
The jelly is lightly wounded.
You are struck by an arc of lightning.
The lightning grounds out.
The gnoll is struck by an arc of lightning.
The gnoll is moderately wounded.
You are struck by an arc of lightning.
The jelly is struck by an arc of lightning.
The jelly is moderately wounded.
You are struck by an arc of lightning.
The lightning grounds out.
You hear the quick hiss of a very distant avalanche of sand.
The hound bites you. The hound bites you but does no damage.
The gnoll hits you with a +0 club. The jelly closely misses you.
Unknown command.
Casting: Static Discharge (safe; 4% risk of failure)
Confirm with . or Enter, or press ? or * to list all spells.
The jelly is struck by an arc of lightning.
The jelly is heavily wounded.
You are struck by an arc of lightning.
The lightning grounds out.
The hound bites you but does no damage. The gnoll hits you with a +0 club.
The jelly hits you.
You are splashed with acid!
Unknown command.
The hound bites you. The hound bites you but does no damage.
The gnoll barely misses you. The jelly hits you.
You are splashed with acid!
* * * LOW HITPOINT WARNING * * *
The gnoll sergeant barely misses you.
You climb upwards.
There is a stone staircase leading down here.
The gnoll hits you with a +0 club.
* * * LOW HITPOINT WARNING * * *
The jelly barely misses you.
There are monsters nearby!
The hound bites you.
* * * LOW HITPOINT WARNING * * *
The gnoll hits you with a +0 club.
* * * LOW HITPOINT WARNING * * *
It was a potion of brilliance.
You feel clever all of a sudden. The hound bites you but does no damage.
The gnoll hits you with a +0 club.
You die...
Kikubaaqudgha rasps: "You have failed me!
Welcome... death!"

....#.....#.....#...#....#......#
....#.....#.....'####....'..>...#
....##...##...##...##.####......#
######...##.<.##...##.#......####
..........+....#......#......#
..........#....#......#......#
..........#....#J.....'......#
#'#####'###...##hg.####......####
...###..###...##@..#......#+#..#.
...#.....'.........#......#......
...#.....#.........#......#......
...#.....#.........#......#......
...#################......#######
#### ########


You could see a hound, a jelly and a gnoll.

Vanquished Creatures
  A phantom (D:3)
  A howler monkey (D:4)
  2 jellies
  2 orc priests
  An iguana (D:4)
  A sleepcap (D:4)
  An orc wizard (D:4)
  5 adders
  3 ufetubi (D:4)
  A dart slug (D:2)
  10 orcs
  6 endoplasms
  2 giant cockroaches
  7 goblins
  6 hobgoblins
  3 jackals (D:2)
  3 quokkas
  3 ball pythons
  6 bats
  8 frilled lizards
  8 kobolds
  2 rats
82 creatures vanquished.

Notes
Turn   | Place    | Note
-------+----------+-------------------------------------------
     0 | D:1      | billz999 the Ogre Air Elementalist began the quest for the
                  | Orb.
     0 | D:1      | Reached XP level 1. HP: 16/16 MP: 3/3
   101 | D:1      | Reached skill level 1 in Conjurations
   797 | D:1      | Reached XP level 2. HP: 24/24 MP: 1/5
  1665 | D:2      | Found an ornate altar of the Wu Jian Council.
  1959 | D:2      | Reached XP level 3. HP: 31/31 MP: 0/7
  2530 | D:3      | Noticed a phantom
  2537 | D:3      | Killed a phantom
  2538 | D:3      | Reached XP level 4. HP: 28/39 MP: 0/9
  2680 | D:3      | Found an ancient bone altar of Kikubaaqudgha.
  2712 | D:3      | Became a worshipper of Kikubaaqudgha
  2787 | D:3      | Found a glowing golden altar of the Shining One.
  2800 | D:3      | Found Quchaut's Antique Weapon Boutique.
  2924 | D:3      | Reached XP level 5. HP: 45/45 MP: 8/10
  4027 | D:4      | Reached XP level 6. HP: 22/53 MP: 1/11
  4360 | D:4      | Found a sparkling altar of Nemelex Xobeh.
  4360 | D:4      | Found a white marble altar of Elyvilon.
  4446 | D:4      | Learned a level 2 spell: Static Discharge
  4453 | D:4      | Learned a level 6 spell: Plasma Beam
  4516 | D:4      | Reached * piety under Kikubaaqudgha
  4516 | D:4      | Received a gift from Kikubaaqudgha
  4521 | D:4      | Learned a level 3 spell: Swiftness
  4707 | D:4      | Reached skill level 1 in Fire Magic
  5216 | D:5      | Entered Level 5 of the Dungeon
  5319 | D:5      | Noticed Eustachio
  5580 | D:4      | Reached XP level 7. HP: 38/59 MP: 7/13
  5628 | D:4      | HP: 2/59 [gnoll/+0 club[a gnoll sergeant] (2)]
  5629 | D:4      | Slain by a gnoll

Illustrated notes

Levels and vault maps discovered:
D:1:      minmay_arrival_jagged, layout_basic, serial_forest,
          infiniplex_forest_clump_long, infiniplex_forest_end_2,
          infiniplex_forest_clump_C, infiniplex_forest_clump_C,
          infiniplex_forest_join, infiniplex_forest_zigzag_1,
          infiniplex_forest_clump_tiny, patterned_corridor
D:2:      layout_basic, basic_altar
D:3:      layout_loops_ring, nicolae_kikubaaqudgha_miasma_corner,
          tso_metal_star, serial_shops, shop, minmay_starry_boxes
D:4:      layout_gridville, mainiacjoe_overflow_divided_tiny
D:5:      layout_cave_pods, nicolae_gozag_zags_fifth_avenue, enter_ossuary_1,
          minmay_statues_item, uniq_eustachio

Skill      XL: |  1  2  3  4  5  6 |
---------------+-------------------+-----
Conjurations   | 1 2 3 4 |  4.0
Air Magic      | 3 |  3.8
Spellcasting   | 3 4 |  4.1
Fire Magic     | 3 |  3.0
Dodging        | |  1.7
Stealth        | |  1.4

Action                     |  1- 3 |  4- 6 |  7- 9 || total
---------------------------+-------+-------+-------++-------
  Melee: Dagger            |       |    21 |       ||    21
         Morningstar       |       |     4 |       ||     4
   Cast: Shock             |    61 |   128 |       ||   189
         Static Discharge  |       |    13 |     2 ||    15
    Use: Scroll            |     1 |     5 |       ||     6
         Potion            |       |       |     1 ||     1
 Armour: Robe              |     2 |    11 |     7 ||    20
  Dodge: Dodged            |     9 |    31 |     6 ||    46

Table legend: (Time is in decaauts)
 A = Elapsed time spent in this place.
 B = Non-inter-level travel time spent in this place.
 C = Inter-level travel time spent in this place.
 D = Time resting spent in this place.
 E = Time spent auto-exploring this place.
 F = Levels seen in this place.
 G = Mean time per level.
                   A        B        C        D        E       F      G
               +--------+--------+--------+--------+--------+-----+--------+
         Total |   5627 |   5513 |    114 |    808 |   4160 |   5 | 1125.4 |
       Dungeon |   5627 |   5513 |    114 |    808 |   4160 |   5 | 1125.4 |
               +--------+--------+--------+--------+--------+-----+--------+

Top non-repeatable levels by time:
     D:4: 1548 daAuts
     D:1: 1359 daAuts
     D:3: 1275 daAuts
     D:2: 1246 daAuts
     D:5: 197 daAuts
